 Dungeon Crawl Stone Soup version 0.30-a0-283-gf371ce1921 (webtiles) character file.

Game seed: 17153981257702305974

240 Harunobu the Trooper (level 5, -4/48 HPs)
             Began as a Minotaur Monk on Oct 17, 2022.
             Succumbed to Ijyb's poison
             ... on level 3 of the Dungeon.
             The game lasted 00:03:23 (2050 turns).

Harunobu the Trooper (Minotaur Monk)                Turns: 2050, Time: 00:03:23

Health: -4/48      AC:  6    Str: 17    XL:     5   Next: 79%
Magic:  4/4        EV: 12    Int:  7    God:
Gold:   153        SH:  3    Dex: 13    Spells: 4/4 levels left

rFire   . . .      SeeInvis .    a - +0 hand axe
rCold   . . .      Faith    .    e - +0 buckler
rNeg    . . .      Spirit   .    g - +0 ring mail
rPois   .          Reflect  .    (helmet restricted)
rElec   .          Harm     .    f - +0 cloak
rCorr   .          Rampage  .    (no gloves)
Will    .....                    (no boots)
Stlth   ++........               (no amulet)
HPRegen 0.28/turn                (no ring)
MPRegen 0.09/turn                (no ring)

@: lethally poisoned (-4 -> -52)
A: horns 2, retaliatory headbutt
a: no special abilities


You were on level 3 of the Dungeon.
You visited 1 branch of the dungeon, and saw 3 of its levels.

You collected 153 gold pieces.

Inventory:

Hand Weapons
 a - a +0 hand axe (weapon)
Armour
 b - a +0 robe
 e - a +0 buckler (worn)
 f - a +0 cloak (worn)
 g - a +0 ring mail (worn)
 o - an orb of wrath
Jewellery
 i - an amulet of faith
Scrolls
 d - a scroll of butterflies {unknown}
 h - 2 scrolls of noise {unknown}
 j - 2 scrolls of vulnerability {unknown}
 n - a scroll of poison {unknown}
 p - a scroll of identify {unknown}
Potions
 c - a potion of ambrosia
 k - a potion of invisibility {unknown}
 l - a potion of berserk rage {unknown}
 m - a potion of haste {unknown}
 q - a potion of might {unknown}
 r - a potion of cancellation {unknown}


   Skills:
 + Level 5.4 Fighting
 - Level 3.6 Axes
 + Level 4.9 Dodging
 + Level 3.3 Stealth


You had 4 spell levels left.
You didn't know any spells.
Your spell library contained the following spells:

 Spells                   Type           Power      Damage    Failure   Level
 Apportation              Tloc           0%         N/A       77%         1
 Necrotise                Necr           0%         1d4       77%         1
 Summon Small Mammal      Summ           0%         N/A       77%         1
 Call Canine Familiar     Summ           0%         N/A       98%         3
 Ozocubu's Armour         Ice            0%         N/A       98%         3
 Summon Guardian Golem    Hex/Summ       0%         N/A       98%         3
 Metabolic Englaciation   Hex/Ice        0%         N/A       100%        5
 Simulacrum               Ice/Necr       0%         N/A       100%        6


Dungeon Overview and Level Annotations

Branches:
Dungeon (3/15)

Altars:
Sif Muna

Annotations:
D:3 Ijyb


Innate Abilities, Weirdness & Mutations

You have a pair of horns on your head.
You reflexively headbutt those who attack you in melee.


Message History

There are monsters nearby!
An orc and an adder come into view.
The orc throws a boomerang.
The boomerang misses you.
Ijyb zaps a wand.
You resist with some effort.
The adder moves out of view.
The adder hisses angrily.
You hit Ijyb.
Ijyb is lightly wounded.
An orc comes into view. It is wielding a +0 dagger.
Ijyb hits you with a +3 dagger of venom.
You are poisoned.
You closely miss Ijyb. You headbutt Ijyb, but do no damage.
Ijyb is lightly wounded.
You feel sick.
An orc comes into view. It is wielding a +0 dagger.
Ijyb hits you with a +3 dagger of venom.
You are more poisoned.
You hit Ijyb but do no damage.
Ijyb is lightly wounded.
You feel very sick.
Ijyb zaps a wand.
You suddenly lose the ability to move!
Ijyb hits you with a +3 dagger of venom.
You feel very sick.
Ijyb hits you with a +3 dagger of venom.
You are more poisoned.
You feel very sick.
Ijyb hits you with a +3 dagger of venom.
You are lethally poisoned!
You can move again.
You hit Ijyb but do no damage.
Ijyb is lightly wounded.
* * * LOW HITPOINT WARNING * * *
You feel extremely sick.
Ijyb hits you with a +3 dagger of venom.
* * * LOW HITPOINT WARNING * * *
You are more poisoned.
Ijyb attacks as you move away!
Ijyb hits you with a +3 dagger of venom.
* * * LOW HITPOINT WARNING * * *
You are more poisoned.
You die... #.# #####.... #.# ........ ###.# ......################ ....## .....##.............. #....# ..oo##.############# ...#.# Sgo

#.#......... #..#.# #g#
#.#.......# #..#.#
####.###.#.###...#
#..#.#######....@......)#...#
#..#.#..........###..รท...)..#
#..#.#..........# #.###.##..#
#..#'#.........## #.#....#..#
#..............'....#....#..#
#..............#########.#..#
#...........[..# ........#..#
#.....######.### ......[....#
#.....# #.# ##########.#####


You could see Ijyb, an adder, an orc and a goblin.

Vanquished Creatures
  Sigmund (D:2)
  2 adders
  3 worms
  3 dart slugs
  An orc (D:3)
  3 endoplasms
  2 giant cockroaches
  4 goblins
  3 hobgoblins
  3 jackals (D:3)
  4 ball pythons
  3 bats
  A frilled lizard (D:2)
  4 kobolds
  6 rats
43 creatures vanquished.

Vanquished Creatures (others)
  A ghoul (D:1)
  2 draconians (D:1)
  A vine stalker (D:1)
  2 trolls (D:1)
  2 formicids (D:1)
  A human (D:1)
  A tengu (D:1)
  2 kobolds (D:1)
  7 tentacles (D:1)
19 creatures vanquished.

Grand Total: 62 creatures vanquished

Notes
Turn   | Place    | Note
-------+----------+-------------------------------------------
     0 | D:1      | Harunobu the Minotaur Monk began the quest for the Orb.
     0 | D:1      | Reached XP level 1. HP: 19/19 MP: 0/0
     0 | D:1      | Noticed a tengu
     0 | D:1      | Noticed a vine stalker
     0 | D:1      | Noticed a troll
     0 | D:1      | Noticed a kraken
     0 | D:1      | Noticed a ghoul
     0 | D:1      | Noticed a troll
     0 | D:1      | Noticed a formicid
     0 | D:1      | Noticed a formicid
     0 | D:1      | Noticed a draconian
     0 | D:1      | Noticed a draconian
     0 | D:1      | Noticed a human
     3 | D:1      | Killed a human
     4 | D:1      | Killed a tengu
    10 | D:1      | Killed a draconian
    11 | D:1      | Killed a formicid
    12 | D:1      | Killed a troll
    14 | D:1      | Killed a formicid
    18 | D:1      | Killed a vine stalker
    18 | D:1      | Killed a troll
    21 | D:1      | Killed a ghoul
    21 | D:1      | Killed a draconian
   228 | D:1      | Reached XP level 2. HP: 27/27 MP: 1/1
   385 | D:1      | Reached skill level 4 in Fighting
   719 | D:2      | Reached XP level 3. HP: 26/33 MP: 2/2
   948 | D:2      | Noticed Sigmund
   962 | D:2      | Killed Sigmund
   963 | D:2      | Reached skill level 5 in Fighting
   963 | D:2      | Reached XP level 4. HP: 5/42 MP: 3/3
   963 | D:2      | Reached XP level 5. HP: 6/48 MP: 4/4
  1914 | D:3      | Found a shimmering blue altar of Sif Muna.
  2041 | D:3      | Noticed Ijyb
  2046 | D:3      | Paralysed by Ijyb for 3 turns
  2050 | D:3      | Succumbed to Ijyb's poison

Illustrated notes

Levels and vault maps discovered:
D:1:      nicolae_arrival_kraken_aquarium_a, layout_rooms, serial_curves,
          eino_curves_01, eino_curves_02
D:2:      layout_loops_ring, uniq_sigmund
D:3:      layout_basic, kennysheep_orc_sif_temple, wad_woods_river_04, uniq_ijyb

Skill      XL: |  1  2  3 |
---------------+----------+-----
Fighting       | 4 5 |  5.4
Stealth        | 2 3 |  3.3
Dodging        | 4 |  4.9
Axes           | |  3.6

Action                   |  1- 3 |  4- 6 || total
-------------------------+-------+-------++-------
Melee: Hand axe          |    61 |    32 ||    93
       Punch             |     2 |       ||     2
       Headbutt          |    14 |     6 ||    20
 Stab: Sleeping          |     1 |     1 ||     2
Armor: Ring mail         |    17 |     8 ||    25
Dodge: Dodged            |    24 |    14 ||    38
Block: Buckler           |     4 |     4 ||     8

Table legend: (Time is in decaauts)
 A = Elapsed time spent in this place.
 B = Non-inter-level travel time spent in this place.
 C = Inter-level travel time spent in this place.
 D = Time resting spent in this place.
 E = Time spent auto-exploring this place.
 F = Levels seen in this place.
 G = Mean time per level.
                   A        B        C        D        E       F      G
               +--------+--------+--------+--------+--------+-----+--------+
         Total |   2064 |   2039 |     25 |    256 |   1340 |   3 |  688.0 |
       Dungeon |   2064 |   2039 |     25 |    256 |   1340 |   3 |  688.0 |
               +--------+--------+--------+--------+--------+-----+--------+

Top non-repeatable levels by time:
     D:2: 946 daAuts
     D:1: 575 daAuts
     D:3: 543 daAuts
